 Dungeon Crawl Stone Soup version 0.31.0-12-g77e489cdc1 (webtiles) character file.

Game seed: 18441836903768146390

2718 Gadfly the Covert (level 9, -1/39 (45) HPs)
             Began as a Spriggan Enchanter on Feb 18, 2024.
             Was an Initiate of Gozag.
             Slain by a wight
             ... wielding a +4 short sword of freezing
              (2 damage)
             ... on level 6 of the Dungeon.
             The game lasted 00:13:46 (8133 turns).

Gadfly the Covert (Spriggan Enchanter)              Turns: 8133, Time: 00:13:47

HP:   -1/39 (45)    AC:  3    Str:  4    XL:     9   Next: 39%
MP:   13/19         EV: 21    Int: 18    God:    Gozag
Gold: 245           SH:  0    Dex: 18    Spells: 15/20 levels left

rFire   . . .        b - +3 dagger (heavy)
rCold   + . .        (no shield)
rNeg    . . .        y - +1 robe {rC+}
rPois   .            (helmet restricted)
rElec   .            (no cloak)
rCorr   .            (gloves unavailable)
SInv    +            (boots unavailable)
Will    +....        (no amulet)
Stlth   ++++         p - ring of wizardry
HPRegen 0.26/turn    (no ring)
MPRegen 0.16/turn

%: wizardry (x1)
@: confusing by touch, heavily drained, very quick
A: very small, no large weapons, unfitting armour, see invisible, speed 3
a: Renounce Religion, Potion Petition, Call Merchant, Bribe Branch


You were on level 6 of the Dungeon.
You worshipped Gozag.
Gozag was aware of your devotion.
You visited 2 branches of the dungeon, and saw 7 of its levels.
You also visited: Ossuary.

You collected 316 gold pieces.
You paid 71 gold pieces to Gozag.

Inventory:

Hand Weapons
 a - a +1 dagger of venom
 b - a +3 heavy dagger (weapon)
 s - a +2 short sword of flaming
 u - a +1 dagger of draining
Missiles
 j - a throwing net
Armour
 y - a +1 robe of cold resistance (worn)
Jewellery
 p - a ring of wizardry (left hand)
Scrolls
 f - a scroll of brand weapon
 g - 2 scrolls of poison
 h - 3 scrolls of teleportation
 l - 2 scrolls of vulnerability
 o - a scroll of fog
 q - a scroll of torment
 t - a scroll of enchant weapon
 v - a scroll of blinking
 x - 2 scrolls of identify
 z - a scroll of silence
Potions
 c - 3 potions of invisibility
 d - a potion of lignification
 e - a potion of curing
 i - a potion of heal wounds
 k - a potion of berserk rage {unknown}
 m - a potion of attraction
 n - a potion of cancellation
 r - a potion of enlightenment
 w - a potion of might


   Skills:
 + Level 3.9 Fighting
 + Level 5.6 Short Blades
 + Level 6.8 Dodging
 + Level 8.8 Stealth
 + Level 6.2 Spellcasting
 + Level 6.7 Hexes
 + Level 6.0 Evocations


You had 15 spell levels left.
You knew the following spells:

 Your Spells              Type           Power      Damage    Failure   Level
a - Ensorcelled Hibernat  Hex/Ice        34%        N/A       1%          2
b - Confusing Touch       Hex            29%        N/A       1%          3

Your spell library contained the following spells:

 Spells                   Type           Power      Damage    Failure   Level
 Tukima's Dance           Hex            29%        N/A       1%          3
 Dazzling Flash           Conj/Hex       34%        N/A       3%          3
 Apportation              Tloc           10%        N/A       4%          1
 Magic Dart               Conj           20%        1d4       4%          1
 Lesser Beckoning         Tloc           10%        N/A       8%          2
 Searing Ray              Conj           10%        2d4       8%          2
 Fugue of the Fallen      Necr           5%         N/A       14%         3
 Gell's Gravitas          Tloc           5%         N/A       14%         3
 Ozocubu's Armour         Ice            5%         N/A       14%         3
 Summon Ice Beast         Ice/Summ       5%         N/A       14%         3
 Teleport Other           Tloc           5%         N/A       14%         3
 Fulminant Prism          Conj/Alch      2%         3d5       41%         4
 Manifold Assault         Tloc           5%         N/A       41%         4
 Dispersal                Tloc           2%         N/A       99%         6
 Disjunction              Tloc           2%         N/A       100%        8


Dungeon Overview and Level Annotations

Branches:
Dungeon (6/15)             Temple (1/1) D:6         Ossuary (visited)

Altars:
Ashenzari
Cheibriados
Dithmenos
Elyvilon
Fedhas
Gozag
Makhleb
Nemelex Xobeh
Qazlal
Sif Muna
Trog
Vehumet
Wu Jian
Yredelemnul
Zin
The Shining One


Innate Abilities, Weirdness & Mutations

You are very small and have problems with some larger weapons.
You are too small for most types of armour.
You have supernaturally acute eyesight. (SInv)
You cover ground extremely quickly. (Speed+++)


Message History

Magic restored.
You now have 239 gold pieces (gained 22).
You see here a +0 giant club.
You open the door.
There is a stone staircase leading up here.
Found a stone staircase leading down.
Found a stone staircase leading down.
Found an escape hatch in the ceiling.
An adder comes into view.
An adder is nearby!
An adder is nearby!
An adder is nearby!
An adder is nearby!
The helpless adder fails to defend itself.
You stick the adder like a pincushion!!!
You kill the adder!
You now have 245 gold pieces (gained 6).
A wight is nearby!
A wight is nearby!
A wight is nearby!
A wight is nearby!
Casting: Ensorcelled Hibernation (safe; 1% risk of failure)
Confirm with . or Enter, or press ? or * to list all spells.
Your hands begin to glow red.
The wight hits you but does no damage.
You hit the wight but do no damage.
The wight hits you with a +3 flail of freezing!
You feel drained. The wight freezes you.
The wight hits you with a +4 short sword of freezing!
You feel drained.
You hit the wight but do no damage.
The wight appears confused.
The wight hits you with a +4 short sword of freezing!
You feel drained. The wight freezes you.
Casting: Confusing Touch (safe; 1% risk of failure)
Confirm with . or Enter, or press ? or * to list all spells.
Your hands begin to glow red.
The wight hits you with a +4 short sword of freezing!
* * * LOW HITPOINT WARNING * * *
You feel drained. The wight freezes you.
You die...
Your body crumbles into a pile of gold.

##..##...z.z..#
*,,,,,*,*
#..#####..##..#
**,,,,,,** ##.##
##..#..# **,,,,,,* ##..#
#..#..# **.,,**,**
##..##
#..#..#####..****,*
#..###### #......#....#*
*,* ...#⌠...#
###....^...#** *,*
..)##...#*#....z....##
*,*
......_.#..O..#z@.###
*,*
...##...#.######..###
###* ####⌠...#**
#....### ##.# # ######
#.#....####.## *...#*
*#.####.....## #....#*
#..# ###...## #.....#*
#.## ##..#.# #..#...##
##..## ##...###
#..##...###....###....##


You could see 2 wights.

Vanquished Creatures
  Pikel (D:6)
  A steam dragon (D:6)
  Duvessa (D:4)
  A black bear (D:4)
  A sky beast (D:6)
  An ogre (D:6)
  A centaur (D:5)
  2 elf zombies (Ossuary)
  A scorpion (D:4)
  6 wights (D:6)
  Dowan (D:4)
  A howler monkey (D:4)
  2 bombardier beetles
  4 hounds
  5 human zombies (Ossuary)
  3 jellies
  2 orc priests (D:5)
  A sleepcap (D:6)
  2 iguanas
  6 orc wizards
  2 crocodile zombies (Ossuary)
  3 spectral hounds (Ossuary)
  4 mummies (Ossuary)
  10 adders
  2 hound simulacra (Ossuary)
  A white imp (D:5)
  2 spectral adders (Ossuary)
  2 spectral gnolls (Ossuary)
  A dart slug (D:3)
  2 adder simulacra (Ossuary)
  11 orcs
  12 ball pythons
  8 endoplasms
  5 gnoll zombies (Ossuary)
  5 goblins
  9 hobgoblins
  6 kobolds
  2 quokkas
  6 bats
  8 frilled lizards
  2 gnoll simulacra (Ossuary)
  3 jackal simulacra (Ossuary)
  5 kobold zombies (Ossuary)
  6 orc zombies (Ossuary)
  8 rats
  2 spectral jackals (Ossuary)
170 creatures vanquished.

Notes
Turn   | Place    | Note
-------+----------+-------------------------------------------
     0 | D:1      | Gadfly the Spriggan Enchanter began the quest for the Orb.
     0 | D:1      | Reached XP level 1. HP: 9/9 MP: 5/5
   286 | D:1      | Reached XP level 2. HP: 13/13 MP: 6/6
   289 | D:1      | Learned a level 2 spell: Ensorcelled Hibernation
   789 | D:1      | Got the Almanac of the Chill and Wanderlust
  1197 | D:2      | Reached XP level 3. HP: 11/17 MP: 0/8
  1201 | D:2      | Learned a level 3 spell: Confusing Touch
  1354 | D:2      | Reached skill level 1 in Fighting
  1354 | D:2      | Reached skill level 1 in Evocations
  1354 | D:2      | Reached XP level 4. HP: 22/22 MP: 9/9
  1400 | D:2      | Found a blossoming altar of Fedhas.
  1972 | D:3      | Reached skill level 5 in Stealth
  2559 | D:3      | Reached XP level 5. HP: 25/25 MP: 11/11
  3007 | D:3      | Found a snail-covered altar of Cheibriados.
  3268 | D:4      | HP: 1/25 [frozen (5)]
  3558 | D:4      | Found a shadowy altar of Dithmenos.
  3799 | D:4      | Reached XP level 6. HP: 30/30 MP: 12/12
  4069 | D:4      | Reached skill level 6 in Stealth
  4241 | D:4      | Noticed Dowan
  4333 | D:4      | Reached XP level 7. HP: 35/35 MP: 14/14
  4336 | D:4      | Killed Dowan
  4395 | D:4      | Noticed Duvessa
  4419 | D:4      | Killed Duvessa
  4420 | D:4      | Reached skill level 5 in Hexes
  4727 | D:5      | Entered Level 5 of the Dungeon
  5112 | D:5      | Reached skill level 5 in Dodging
  5412 | D:6      | Found a sand-covered staircase.
  5417 | Ossuary  | Entered an ossuary
  5594 | Ossuary  | Reached XP level 8. HP: 20/39 MP: 16/16
  5605 | Ossuary  | Reached skill level 7 in Stealth
  6149 | Ossuary  | Reached skill level 5 in Spellcasting
  6897 | D:6      | Reached skill level 5 in Evocations
  7146 | D:6      | Noticed Pikel
  7150 | D:6      | Reached skill level 8 in Stealth
  7191 | D:6      | Killed Pikel
  7192 | D:6      | Reached skill level 5 in Short Blades
  7192 | D:6      | Reached XP level 9. HP: 8/45 MP: 1/18
  7353 | D:6      | Found a staircase to the Ecumenical Temple.
  7382 | Temple   | Entered the Ecumenical Temple
  7392 | Temple   | Became a worshipper of Gozag Ym Sagoz the Greedy
  7865 | D:6      | Found a white marble altar of Elyvilon.
  8133 | D:6      | HP: 1/40 [wight/+4 short sword of freezing (12)]
  8133 | D:6      | Slain by a wight

Illustrated notes

Levels and vault maps discovered:
D:1:      dpeg_arrival_three_same_balls, layout_loops_ring
D:2:      layout_basic, basic_altar, minmay_small_reverse_x
D:3:      minmay_chambers_of_twos, layout_loops_corners, chei_slow_surprise
D:4:      layout_basic, nicolae_dithmenos_the_darkroom,
          minmay_misc_feat_columns, chequers_serial_rivers_small_3,
          grunt_ministairs_6, minmay_surrounded, uniq_duvessa
D:5:      layout_rooms
D:6:      layout_layer_cave, mainiacjoe_overflow_alcove_2, temple_fountains,
          nicolae_ossuary_entry_false_entrances,
          minmay_a_box_with_orc_wizards_in_it, uniq_pikel
Temple:   nicolae_temple_x_marks_the_god

Skill      XL: |  1  2  3  4  5  6  7  8  9 |
---------------+----------------------------+-----
Dodging        | 3 4 5 6 |  6.8
Fighting       | 1 2 3 |  3.9
Short Blades   | 2 3 4 5 |  5.6
Spellcasting   | 3 4 5 6 |  6.2
Evocations     | 1 2 3 4 5 6 |  6.0
Hexes          | 4 5 6 |  6.7
Stealth        | 5 6 8 |  8.8

Action                     |  1- 3 |  4- 6 |  7- 9 || total
---------------------------+-------+-------+-------++-------
  Melee: Dagger            |    63 |   126 |   111 ||   300
         Punch             |     1 |       |     8 ||     9
         Short sword       |       |       |   361 ||   361
   Cast: Ensorcelled Hiber |    17 |    27 |    35 ||    79
         Confusing Touch   |       |       |    11 ||    11
    Use: Scroll            |     4 |    10 |     7 ||    21
         Potion            |       |     2 |     2 ||     4
   Stab: Sleeping          |    20 |    30 |    32 ||    82
         Distracted        |     1 |       |     1 ||     2
         Confused          |       |       |    10 ||    10
 Armour: Robe              |    16 |    34 |   111 ||   161
  Dodge: Dodged            |    42 |    90 |   285 ||   417
